 Dungeon Crawl Stone Soup version 0.26-a0-540-g8a0c9464d7 (webtiles) character file.

Game seed: 11062867059178136029

385 HammerPanzer the Slasher (level 6, 0/72 HPs)
             Began as a Demonspawn Berserker on Aug 23, 2020.
             Was a Priest of Trog.
             Slain by a wight
             ... wielding a +0 morningstar
              (1 damage)
             ... on level 3 of the Dungeon.
             The game lasted 00:09:23 (4831 turns).

HammerPanzer the Slasher (Demonspawn Berserker)     Turns: 4831, Time: 00:09:23

Health: 0/72       AC:  5    Str: 19    XL:     6   Next: 48%
Magic:  6/6        EV: 12    Int:  8    God:    Trog [***...]
Gold:   106        SH:  0    Dex: 13    Spells: 5/5 levels left

rFire    + . .     SeeInvis .   a - +1 falchion
rCold    . . .     Faith    .   (no shield)
rNeg     . . .     Spirit   .   q - +0 leather armour
rPois    .         Reflect  .   (helmet restricted)
rElec    .         Harm     .   o - +1 cloak
rCorr    .                      (no gloves)
MR       .....                  (no boots)
Stlth    ..........             (no amulet)
HPRegen  0.22/turn              (no ring)
MPRegen  0.10/turn              (no ring)

@: berserking, lightly drained, very quick
A: antennae 2, fire resistance 1
a: Berserk, Trog's Hand, Renounce Religion


You were on level 3 of the Dungeon.
You worshipped Trog.
Trog was most pleased with you.
You visited 1 branch of the dungeon, and saw 4 of its levels.

You collected 106 gold pieces.

Inventory:

Hand Weapons
 a - a +1 falchion (weapon)
Missiles
 l - 5 poisoned darts (quivered)
Armour
 o - a +1 cloak (worn)
 q - a +0 leather armour (worn)
Wands
 p - a wand of polymorph (21)
Scrolls
 b - a scroll of enchant armour
 c - a scroll of identify {unknown}
 d - 2 scrolls of enchant weapon
Potions
 e - 2 potions of heal wounds {unknown}
 g - 2 potions of stabbing {unknown}
 h - 2 potions of magic {unknown}
 i - a potion of might {unknown}
 j - a potion of haste {unknown}
 n - a potion of ambrosia {unknown}


   Skills:
 + Level 3.9(3.5) Fighting
 * Level 5.4(5.1) Long Blades
 + Level 2.2(1.9) Armour
 + Level 2.8(2.5) Dodging
 + Level 1.3(1.0) Stealth


You had 5 spell levels left.
You didn't know any spells.
Your spell library was empty.

Dungeon Overview and Level Annotations

Branches:
Dungeon (4/15)             Temple (0/1) D:4

Altars:
Qazlal


Innate Abilities, Weirdness & Mutations

You have a pair of antennae on your head.
Your flesh is heat resistant. (rF+)


Message History

Okay, then.
Okay, then.
The wight barely misses you.
You feel yourself speed up. The wight barely misses you.
You riposte.
You hit the wight but do no damage.
Your magical contamination has completely faded away.
You recover from your berserk rage.
There is a stone staircase leading up here.
A red film seems to cover your vision as you go berserk!
You feel yourself moving faster!
You feel mighty!
You slash the wight!
The wight is moderately damaged.
The wight barely misses you.
You riposte.
You hit the wight.
The wight is severely damaged.
You barely miss the wight.
The wight is severely damaged.
The wight hits you with a +0 morningstar!
* * * LOW HITPOINT WARNING * * *
You feel drained.
You die...

......).....#....##.## #.#
#.# ##.####>##.#.#)#.###>##
#.# #.#
..)..(.)...........##.# #.#
#.#
##.................##.####.#
#.#
##.#####......##...........#
#.# ##.#
#.....#.#.#.#.#########.#
##.#
#.....##..#.............#
#.#
##...##.........#########
#.# ##.###.#@#####.# #.# #.#
#.#z# #.# ##.#### #.# #.#.#
#.########## ......# #.#
#.#.# #........... #####.#
#.# #.#.################ #
#.# #.# #.#......# # #.# #.#
#.######.# # #.# #.# #.# #.#
#####.# #.###.# #.#


You could see a wight.

Vanquished Creatures
  2 orc priests (D:3)
  Crazy Yiuf (D:2)
  Jessica (D:2)
  2 orc wizards
  4 gnolls (D:2)
  5 adders
  An ufetubus (D:3)
  2 oozes
  2 worms
  A dart slug (D:1)
  A leopard gecko (D:1)
  12 orcs
  2 giant cockroaches
  15 goblins
  10 hobgoblins
  7 jackals
  6 quokkas
  3 ball pythons
  13 bats
  2 frilled lizards (D:2)
  6 kobolds
  4 rats
102 creatures vanquished.

Notes
Turn   | Place    | Note
-------+----------+-------------------------------------------
     0 | D:1      | HammerPanzer the Demonspawn Berserker began the quest for
                  | the Orb.
     0 | D:1      | Reached XP level 1. HP: 18/18 MP: 1/1
   111 | D:1      | Reached skill level 3 in Long Blades
   118 | D:1      | Gained mutation: You have a pair of small antennae on your
                  | head. [demonic ancestry]
   118 | D:1      | Reached XP level 2. HP: 11/24 MP: 2/2
   941 | D:1      | Reached XP level 3. HP: 15/29 MP: 3/3
  1236 | D:1      | Reached ** piety under Trog
  1969 | D:2      | Noticed Jessica
  1976 | D:2      | Killed Jessica
  1976 | D:2      | Reached XP level 4. HP: 35/35 MP: 4/4
  2058 | D:2      | Reached skill level 4 in Long Blades
  2460 | D:2      | Gained mutation: You have a pair of antennae on your head.
                  | [demonic ancestry]
  2460 | D:2      | Reached XP level 5. HP: 27/41 MP: 5/5
  2868 | D:2      | Found a runed translucent door.
  2869 | D:2      | Noticed Crazy Yiuf
  2878 | D:2      | Killed Crazy Yiuf
  3234 | D:2      | Reached skill level 1 in Stealth
  3753 | D:3      | Reached *** piety under Trog
  3915 | D:3      | Found a stormy altar of Qazlal.
  4111 | D:3      | Reached skill level 5 in Long Blades
  4111 | D:3      | Gained mutation: Your flesh is heat resistant. (rF+)
                  | [demonic ancestry]
  4111 | D:3      | Reached XP level 6. HP: 48/48 MP: 6/6
  4803 | D:4      | HP: 2/48 [worker ant (4)]
  4831 | D:3      | HP: 1/72 [wight/+0 morningstar (9)]
  4831 | D:3      | Slain by a wight

Illustrated notes

Levels and vault maps discovered:
D:1:      lemuel_arrival_rhombus, layout_basic
D:2:      layout_loops_corners, kennysheep_jessica_study,
          uniq_crazy_yiuf_cottage
D:3:      layout_loops_ring, grunt_qazlal_clouds, minmay_misc_feat_encased
D:4:      layout_cave_pools, minmay_temple_entry_mini_moons,
          ebering_ghost_gozag, lightli_sewer_entry_pipes

Skill      XL: |  1  2  3  4  5 |
---------------+----------------+-----
Long Blades    | 3 4 5 |  5.4
Dodging        | 2 |  2.8
Armour         | 2 |  2.2
Stealth        | 1 |  1.3
Fighting       | |  3.9

Action                   |  1- 3 |  4- 6 || total
-------------------------+-------+-------++-------
Melee: Falchion          |   132 |   172 ||   304
Invok: Berserk           |     5 |     9 ||    14
  Use: Scroll            |     2 |     8 ||    10
 Stab: Distracted        |     1 |       ||     1
       Sleeping          |       |     2 ||     2
Armor: Animal skin       |    24 |     2 ||    26
       Leather armour    |       |    32 ||    32
Dodge: Dodged            |    86 |   137 ||   223
       Rpst.: Falchion   |    19 |    35 ||    54

Table legend: (Time is in decaauts)
 A = Elapsed time spent in this place.
 B = Non-inter-level travel time spent in this place.
 C = Inter-level travel time spent in this place.
 D = Time resting spent in this place.
 E = Time spent auto-exploring this place.
 F = Levels seen in this place.
 G = Mean time per level.
                   A        B        C        D        E       F      G
               +--------+--------+--------+--------+--------+-----+--------+
         Total |   4983 |   4752 |    231 |   1881 |   1975 |   4 | 1245.8 |
       Dungeon |   4983 |   4752 |    231 |   1881 |   1975 |   4 | 1245.8 |
               +--------+--------+--------+--------+--------+-----+--------+

Top non-repeatable levels by time:
     D:2: 1987 daAuts
     D:1: 1785 daAuts
     D:3: 1189 daAuts
     D:4: 21 daAuts
